Construct Section Command Post
Construct Platoon Command Post
Selects Air and Sea Battlegroup
Selects Air and Sea Battlegroup
Selects Air and Sea Battlegroup
Selects Commando Section Paradrop
Selects Commando Support Section Paradrop
Commando Section Paradrop
6-pounder Anti-tank Gun Team
Commando Support Section Paradrop
Construct Company Command Post
Selects Anti-tank Rocket Loiter
Commando Section Paradrop